 Dungeon Crawl Stone Soup version 0.20.1-1-g8b1a95d (webtiles) character file.

12 digijack the Stinger (level 2, -4/22 HPs)
             Began as a Naga Venom Mage on Jan 1, 2018.
             Slain by a hobgoblin
             ... wielding a +0 club
              (5 damage)
             ... on level 1 of the Dungeon.
             The game lasted 00:06:17 (452 turns).

digijack the Stinger (Naga Venom Mage)               Turns: 452, Time: 00:06:17

Health: -4/22      AC:  1    Str: 10    XL:     2   Next: 33%
Magic:  0/5        EV: 10    Int: 15    God:
Gold:   22         SH:  0    Dex: 11    Spells: 4/5 levels left

rFire    . . .     SeeInvis +   (no weapon)
rCold    . . .     Gourm    .   (no shield)
rNeg     . . .     Faith    .   a - +0 robe
rPois    +         Spirit   .   (no helmet)
rElec    .         Reflect  .   (no cloak)
rCorr    .         Harm     .   (no gloves)
MR       .....                  (no barding)
Stlth    ++........             (no amulet)
Regen    0.1/turn               (no ring)
MPRegen  0.1/turn               (no ring)

@: very slow
A: see invisible, deformed body, poison resistance, slowness 2, slow metabolism
1, spit poison 1, AC +0
a: Spit Poison


You were on level 1 of the Dungeon.
You were not hungry.

You visited 1 branch of the dungeon, and saw 1 of its levels.

You collected 22 gold pieces.

Inventory:

Armour
 a - a +0 robe (worn)
Books
 b - a Young Poisoner's Handbook

   Spells                             Type                      Level
   a - Sting                          Conjuration/Poison           1
   b - Poisonous Vapours              Poison/Air                   2
   c - Mephitic Cloud                 Conjuration/Poison/Air       3
   d - Olgreb's Toxic Radiance        Poison                       4
   e - Venom Bolt                     Conjuration/Poison           5
Comestibles
 c - a bread ration
 d - a chunk of flesh
 f - a meat ration


   Skills:
 + Level 1.8 Dodging
 + Level 3.4 Stealth
 + Level 2.0 Spellcasting
 + Level 1.3 Conjurations
 + Level 4.1 Poison Magic


You had 4 spell levels left.
You knew the following spells:

 Your Spells              Type           Power        Failure   Level  Hunger
a - Sting                 Conj/Pois      #...         7%          1    #......


Dungeon Overview and Level Annotations

Branches:
Dungeon (1/15)

Altars:


Innate Abilities, Weirdness & Mutations

You cannot wear boots.
Your serpentine skin is tough. (AC +0)
You have supernaturally acute eyesight. (SInv)
Armour fits poorly on your strangely shaped body.
Your system is resistant to poisons. (rPois)
You cover ground very slowly.
You have a slow metabolism.
You can spit poison.


Message History

Press: ? - help, Shift-Dir - straight line, f/p - hobgoblin
Aim: a hobgoblin, wielding a club (almost dead, unusually resistant)
The sting hits the hobgoblin.
The hobgoblin completely resists.
The hobgoblin is almost dead.
The hobgoblin hits you with a club.
* * * LOW HITPOINT WARNING * * *
Some of the chunks of flesh in your inventory have rotted away.
The hobgoblin hits you but does no damage.
You see here a pair of boots.
The hobgoblin hits you with a club.
* * * LOW HITPOINT WARNING * * *
Casting: Sting
Confirm with . or Enter, or press ? or * to list all spells.
Aiming: Sting
Press: ? - help, Shift-Dir - straight line, f/p - hobgoblin
Aim: a hobgoblin, wielding a club (severely wounded, unusually resistant)
The sting misses the hobgoblin.
The hobgoblin barely misses you.
The hobgoblin is no longer unusually resistant.
The hobgoblin hits you with a club.
You die...

#.########.####*#.#*.#**,*
#.# #.# *...,..,,,* #.# #.#
*..#*.#**** #.##### #.#
*..#*,* ####.....# #.#
**,,#*,** .........# #[#
*,,.#,,,**** #######..# #.#
*,(#,,,,,,,* **# * #..#
#.####..#*,,,**,* *,#
*######..####..g@...#**,***,*
*,#
*#..........######.##******,*
*,* ...####..##.#
*,..,,,,**,***,* #*** #.##*,#
***##**,,,,,,,,* # #.# *,*
*,,,,,,,,* # #.# *,*
*,,,,,,,,# # #.#
*,*************,,,,,,,#
#######.#
*,,,,,,,,,,,,**,,,,,,,#
........#
************,****,***,#


You could see a hobgoblin.

Vanquished Creatures
  A dart slug (D:1)
  A leopard gecko (D:1)
  2 giant cockroaches (D:1)
  2 goblins (D:1)
  A bat (D:1)
  A frilled lizard (D:1)
  A rat (D:1)
9 creatures vanquished.

Notes
Turn   | Place    | Note
-------+----------+-------------------------------------------
     0 | D:1      | digijack the Naga Venom Mage began the quest for the Orb.
     0 | D:1      | Reached XP level 1. HP: 15/15 MP: 3/3
   184 | D:1      | Reached XP level 2. HP: 22/22 MP: 3/5
   448 | D:1      | HP: 1/22 [hobgoblin/club (3)]
   452 | D:1      | Slain by a hobgoblin

Action                   || total
-------------------------++-------
Melee: Unarmed           ||     3
 Cast: Sting             ||    23
  Use: Potion            ||     3
       Scroll            ||     1
Armor: Robe              ||     1
Dodge: Dodged            ||     5
